cohdb
Replays
Latest Replays
All Replays
Popular Replays
Top Player Replays
Match Explorer
How It Works
Community
CoH3 Stats
Reddit
Sign in to upload your games and track your stats! →
Sign in with Steam
Match 46347283
Unlisted
Match 46347283
Overview
Messages
Build Orders
End
Construct Infanterie Kompanie
Selects Italian Coastal Battlegroup
Selects Coastal Reserves
Coastal Reserve
Coastal Reserve
MG 42 Machine Gun Team
MG 42 Machine Gun Team
Construct Panzergrenadier Kompanie
Pak 40 Anti-tank Gun Team
Medical Bunker
Selects Support Bunkers
Pak 40 Anti-tank Gun Team
Selects Rapid Fortifications
Rapid Fortifications
MG 42 Bunker
Selects Artillery Officer
Artillery Officer
Rapid Fortifications
Rapid Fortifications
Repair Bunker
Selects Bulwark
Support Elements
Anti-tank Bunker
Rapid Fortifications
Nebelwerfer 42 Rocket Launcher Team
Nebelwerfer 42 Rocket Launcher Team
Anti-tank Bunker
Anti-tank Bunker
Rapid Fortifications
StuG III G Assault Gun
Mephswall
Deutsche Eiche
Stormless
Grunka Lunka
0
0
Comments
sign in to comment!
No comments posted yet!